 Dungeon Crawl Stone Soup version 0.17-a0-1129-g5854844 (webtiles) character file.

9552 Fluffy the Cleaver (level 11, -1/102 HPs)
             Began as a Hill Orc Fighter on May 24, 2015.
             Was an Elder of Okawaru.
             Slain by Sonja
             ... wielding a +0 short sword of distortion
              (19 damage)
             ... on level 11 of the Dungeon.
             The game lasted 00:30:50 (11050 turns).

Fluffy the Cleaver (Hill Orc Fighter)              Turns: 11050, Time: 00:30:51

Health: -1/102     AC: 17    Str: 20    XL:     11   Next: 48%
Magic:  17/17      EV:  9    Int:  8    God:    Okawaru [****..]
Gold:   771        SH:  0    Dex: 13    Spells: 0 memorised, 10 levels left

rFire  + . .     SeeInvis +     M - +3 battleaxe (freeze)
rCold  . . .     Clarity  .     u - +1 scale mail {MR+}
rNeg   . . .     SustAt   .     (no shield)
rPois  .         Gourm    .     (no helmet)
rElec  .         Spirit   .     L - +2 cloak {MR+}
rCorr  .         Warding  .     f - +0 pair of gloves
rMut   +         Stasis   .     B - +1 pair of boots
MR     ++...                    r - amulet of resist mutation
Stlth  ..........               g - ring of protection from fire
                                G - ring of see invisible

@: slowed, very slow, very resistant to hostile enchantments, extremely
unstealthy
A: no striking features
a: Heroism, Renounce Religion


You were on level 11 of the Dungeon.
You worshipped Okawaru.
Okawaru was greatly pleased with you.
You were near starving.

You visited 2 branches of the dungeon, and saw 12 of its levels.
You also visited: Sewer.

You collected 811 gold pieces.
You spent 40 gold pieces at shops.

Inventory:

Hand weapons
 v - a +2 war axe of chopping
 M - a +3 battleaxe of freezing (weapon)
Armour
 c - a +0 shield
 f - a +0 pair of gloves (worn)
 u - a +1 scale mail of magic resistance (worn)
 B - a +1 pair of boots (worn)
 L - a +2 cloak of magic resistance (worn)
Jewellery
 g - a ring of protection from fire (right hand)
 r - an amulet of resist mutation (around neck)
 t - an uncursed ring of protection from cold
 G - a ring of see invisible (left hand)
 H - an uncursed ring of protection from fire
 I - an uncursed ring of flight
 J - an uncursed ring of protection from cold
Magical devices
 b - a wand of fire (7)
 F - a wand of cold (4)
Scrolls
 j - a scroll of identify
 k - 4 scrolls of teleportation
 o - 3 scrolls of enchant weapon
 w - 2 scrolls of remove curse
 y - a scroll of amnesia
 z - 2 scrolls of blinking
 K - 3 scrolls of fear
 N - a scroll of enchant armour
Potions
 a - a potion of berserk rage
 d - 4 potions of might
 h - a potion of invisibility
 i - 2 potions of mutation
 m - a potion of curing
 q - a potion of heal wounds
 x - 3 potions of flight
 A - 3 potions of resistance
 C - a potion of cancellation
 D - 2 potions of haste
Comestibles
 e - 9 bread rations
 l - 3 meat rations
 n - a beef jerky
 p - 3 fruits
 s - a royal jelly
 E - 2 slices of pizza


   Skills:
 + Level 11.2 Fighting
 + Level 12.2 Axes
 + Level 10.4 Armour
 - Level 3.2 Shields
 + Level 8.2 Invocations
 - Level 4.4 Evocations


You had 10 spell levels left.
You didn't know any spells.

Dungeon Overview and Level Annotations

Branches:
Dungeon (11/15)            Temple (1/1) D:5            Lair (0/8) D:11
    Orc: D:9-12

Altars:
Ashenzari
Cheibriados
Dithmenos
Elyvilon
Fedhas
Gozag
Kikubaaqudgha
Makhleb
Nemelex Xobeh
Okawaru
Qazlal
Ru
Sif Muna
Trog
Vehumet
Xom
Yredelemnul
Zin
The Shining One

Shops:
D:6 %   D:8 *

Annotations:
D:8 Prince Ribbit
D:11 exclusion: oklob plant, Sonja


Message History

Sonja hits you with an uncursed short sword of distortion.
* * * LOW HITPOINT WARNING * * *
You blink.
Evoke which item? (* to show all) (? for menu, Esc to quit)
Zapping:
F - a wand of cold {zapped: 3} (will waste charges)
Press: ? - help, Shift-Dir - straight line, f/p - Sonja
Aim: Sonja, wielding a short sword of distortion and carrying a wand of lightning {empty} (translocational energy)
The bolt of cold hits Sonja.
Sonja is heavily wounded.
Evoking this partially-identified wand wasted a few charges.
Fire/throw which item? (* to show all) (? for menu, Esc to quit)
Okay, then.
Evoke which item? (* to show all) (? for menu, Esc to quit)
Zapping:
F - a wand of cold {zapped: 5} (will waste charges)
Press: ? - help, Shift-Dir - straight line, f/p - Sonja
Aim: Sonja, wielding a short sword of distortion and carrying a wand of lightning {empty} (heavily wounded)
The bolt of cold misses Sonja.
Evoking this partially-identified wand wasted a few charges.
Sonja hits you but does no damage. Space warps horribly around you!
You die...

#...................#.#.........
#...................#.#.........
#?....................#.........
#.....................######..##
#.....................# #..##
#.....................# #....
.###############.......# #..##
...............#....#########..##
.......†(...)..K@...# #.....^...
##.........(..#....####.........
#............#.......########.#
###############.....#.....# ##.#
#.........................# #...
#........#.........###....# #...
#........#................# #...
##..................≈§≈.§..######
..##########......≈≈≈≈≈≈.........


You could see Sonja.

Vanquished Creatures
  The ghost of Jakers the Quickloader, an experienced HaHu of Okawaru (D:11)
  2 hill giants
  An ugly thing (D:11)
  Maurice (D:8)
  Joseph (D:9)
  A gargoyle (D:11)
  A fire drake (D:11)
  A troll (D:9)
  4 slime creatures (D:11)
  A spriggan (D:9)
  2 hungry ghosts
  A hippogriff (D:10)
  Menkaure (D:7)
  A mottled dragon (D:11)
  Duvessa (D:7)
  4 ice beasts
  6 orc warriors
  4 centaurs
  3 phantoms
  A crocodile (D:8)
  4 ogres
  A big kobold (D:8)
  5 giant frogs
  Dowan (D:7)
  3 scorpions
  5 killer bees (D:7)
  5 wights (D:9)
  7 hounds
  A jelly (D:11)
  2 quasits
  Crazy Yiuf (D:7)
  3 giant frog skeletons
  4 iguanas
  5 orc priests
  Ijyb (D:3)
  A centaur skeleton (D:8)
  10 orc wizards
  7 worker ants
  A hound skeleton (D:5)
  A worker ant zombie (D:8)
  20 adders
  4 gnolls (D:8)
  2 shadow imps
  11 oozes
  2 adder zombies
  3 worms
  An adder skeleton (D:10)
  9 giant geckos
  50 orcs
  10 ball pythons
  2 bat skeletons
  A bat zombie (D:5)
  10 goblins
  16 hobgoblins
  4 jackals (D:1)
  19 kobolds
  5 quokkas
  10 bats
  14 giant cockroaches
  A giant gecko zombie (D:5)
  10 giant newts
  15 rats
325 creatures vanquished.

Notes
Turn   | Place    | Note
--------------------------------------------------------------
     0 | D:1      | Fluffy the Hill Orc Fighter began the quest for the Orb.
     0 | D:1      | Reached XP level 1. HP: 19/19 MP: 1/1
    10 | D:1      | Reached XP level 2. HP: 14/27 MP: 2/2
   332 | D:1      | Reached XP level 3. HP: 33/33 MP: 3/3
   412 | D:1      | Reached skill level 4 in Fighting
   637 | D:2      | Found a shimmering altar of Xom.
   913 | D:2      | Reached XP level 4. HP: 40/40 MP: 4/4
  1712 | D:3      | Noticed Ijyb
  1724 | D:3      | Killed Ijyb
  1724 | D:3      | Reached XP level 5. HP: 44/47 MP: 5/5
  1829 | D:3      | Reached skill level 5 in Fighting
  2051 | D:3      | Reached skill level 5 in Axes
  2124 | D:3      | Reached XP level 6. HP: 46/56 MP: 6/6
  2475 | D:4      | Found an opulent altar of Gozag.
  2477 | D:4      | Reached skill level 5 in Armour
  2718 | D:4      | Reached skill level 6 in Fighting
  2718 | D:4      | Reached XP level 7. HP: 58/63 MP: 7/7
  2746 | D:4      | Found a glowing silver altar of Zin.
  2776 | D:4      | Found a basalt altar of Yredelemnul.
  2826 | D:4      | Found a deep blue altar of Sif Muna.
  2968 | D:5      | Entered Level 5 of the Dungeon
  2976 | D:5      | Got a faintly glowing shortbow
  3403 | D:5      | Found a staircase to the Ecumenical Temple.
  3409 | Temple   | Entered the Ecumenical Temple
  4307 | D:6      | Reached skill level 7 in Axes
  4307 | D:6      | Reached skill level 1 in Evocations
  4459 | D:6      | Found a glowing drain.
  4476 | Sewer    | Entered a sewer
  4495 | Sewer    | Reached XP level 8. HP: 71/71 MP: 8/8
  4919 | D:6      | Found Xal God's Food Shop.
  4953 | D:6      | Got a scorched leather armour
  5115 | D:6      | Found a shattered altar of Ashenzari.
  5144 | D:6      | Reached skill level 8 in Axes
  5379 | D:6      | Reached XP level 9. HP: 40/81 MP: 11/11
  5385 | D:6      | Identified the +2 leather armour of Freedom {*Confuse rN++} (You found it on level 6 of the Dungeon)
  5557 | D:6      | Found a sacrificial altar of Ru.
  5679 | D:7      | Noticed Dowan
  5681 | D:7      | Noticed Duvessa
  5687 | D:7      | Killed Duvessa
  5693 | D:7      | Killed Dowan
  5807 | D:7      | Reached skill level 9 in Axes
  5940 | Temple   | Became a worshipper of Warmaster Okawaru
  6070 | D:7      | Reached skill level 1 in Invocations
  6120 | D:7      | Found a burning altar of Makhleb.
  6152 | D:7      | Noticed Menkaure
  6163 | D:7      | Killed Menkaure
  6553 | D:7      | Acquired Okawaru's first power
  6635 | D:7      | Noticed Crazy Yiuf
  6639 | D:7      | Killed Crazy Yiuf
  7105 | D:8      | Noticed Prince Ribbit
  7205 | D:8      | Reached skill level 10 in Axes
  7205 | D:8      | Reached XP level 10. HP: 75/91 MP: 13/13
  7297 | D:8      | Found Ruh Goats's Assorted Antiques.
  7301 | D:8      | Noticed Maurice
  7336 | D:8      | Bought a scroll labeled ONOGYT KISETI for 20 gold pieces
  7336 | D:8      | Bought a scroll labeled ENOZXI MAUN for 20 gold pieces
  7688 | D:8      | Killed Maurice
  7840 | D:9      | Reached skill level 5 in Invocations
  7853 | D:9      | Noticed Joseph
  7872 | D:9      | Killed Joseph
  8347 | D:9      | Reached skill level 11 in Axes
  8465 | D:10     | Entered Level 10 of the Dungeon
  8468 | D:10     | Reached skill level 10 in Fighting
  8636 | D:10     | Noticed a hill giant
  8652 | D:10     | Killed a hill giant
  9568 | D:11     | Found a staircase to the Lair.
  9580 | D:11     | Reached XP level 11. HP: 90/101 MP: 16/16
  9634 | D:11     | Noticed a white ugly thing
  9641 | D:11     | Killed a white ugly thing
  9689 | D:11     | Reached skill level 10 in Armour
  9976 | D:11     | Noticed Jakers's ghost (experienced HaHu)
  9990 | D:11     | Killed Jakers's ghost
  9990 | D:11     | Reached skill level 12 in Axes
 10279 | D:11     | Found an ancient bone altar of Kikubaaqudgha.
 10280 | D:11     | Noticed an oklob plant
 10425 | D:11     | Noticed a hill giant
 10435 | D:11     | Killed a hill giant
 11038 | D:11     | Noticed Sonja
 11050 | D:11     | Slain by Sonja

Vault maps used:
D:1:      dpeg_arrival_stonehenge_12_columns, st_stairs_12,
          minmay_misc_feat_roman
D:2:      xom_butterflies
D:3:      uniq_iyjb
D:4:      lemuel_coloured_pillars_altar, lemuel_crystal_altar,
          nicolae_gozag_seed_capital, kennysheep_mini, first_bread,
          roderic_lattice_a
D:5:      minmay_temple_entry_hall
D:6:      nicolae_ashenzari_panopticon, gup_sewer_entry_glass, serial_shops,
          shop, nicolae_ru_path_of_blood
D:7:      lemuel_crystal_altar, uniq_duvessa, uniq_crazy_yiuf_cottage,
          uniq_menkaure
D:8:      serial_shops, shop, uniq_maurice, uniq_prince_ribbit1
D:9:      the_bakery, uniq_joseph
D:11:     minmay_lair_entry_lava, lemuel_oklob_altar, uniq_sonja
Temple:   oiseaux_autumnal_temple_12
Sewer:    sewer_frog_island_02

Action                   |  1- 3 |  4- 6 |  7- 9 | 10-12 || total
-------------------------+-------+-------+-------+-------++-------
Melee: War axe           |    71 |   218 |   450 |   121 ||   860
       Battleaxe         |       |       |       |   163 ||   163
Invok: Heroism           |       |       |       |     4 ||     4
Evoke: Wand              |       |       |       |     5 ||     5
  Use: Scroll            |       |    13 |     6 |     5 ||    24
       Potion            |       |       |     5 |     3 ||     8
  Eat: Chunk             |       |     6 |    16 |    11 ||    33
       Fruit             |       |       |       |     1 ||     1
